 Dungeon Crawl Stone Soup version 0.30-a0-374-g95c0257040 (webtiles) character file.

Game seed: 13442089585248446793

11712 NinjaNoafa the Brawler (level 11, -2/105 HPs)
             Began as a Troll Monk on Nov 26, 2022.
             Was a Priest of Wu Jian.
             Slain by a yak (13 damage)
             ... on level 1 of the Lair of Beasts.
             The game lasted 00:29:00 (8605 turns).

NinjaNoafa the Brawler (Troll Monk)                 Turns: 8605, Time: 00:29:00

Health: -2/105     AC:  9    Str: 23    XL:     11   Next: 52%
Magic:  10/10      EV: 17    Int:  6    God:    Wu Jian [***...]
Gold:   584        SH:  0    Dex: 20    Spells: 10/10 levels left

rFire   . . .      SeeInvis .      - Unarmed
rCold   . . .      Faith    .    (no shield)
rNeg    . . .      Spirit   .    M - +0 acid dragon scales
rPois   .          Reflect  .    (helmet restricted)
rElec   .          Harm     .    u - +0 cloak
rCorr   +          Rampage  .    (gloves unavailable)
Will    .....                    (boots unavailable)
Stlth   ++........               (no amulet)
HPRegen 1.17/turn                B - +6 ring of dexterity
MPRegen 0.12/turn                D - +4 ring of evasion

@: no status effects
A: large, unfitting armour, claws 3, regeneration 1, shaggy fur 1, tough skin 1
a: Renounce Religion, Wall Jump, Serpent's Lash


You were on level 1 of the Lair of Beasts.
You worshipped Wu Jian.
Wu Jian was most pleased with you.
You visited 3 branches of the dungeon, and saw 13 of its levels.
You also visited: Bailey.

You collected 584 gold pieces.

Inventory:

Missiles
 c - 91 stones
 f - 50 poisoned darts
 y - 3 boomerangs (quivered)
 I - 2 curare-tipped darts
Armour
 u - a +0 cloak (worn)
 M - +0 acid dragon scales (worn)
Jewellery
 z - a ring of willpower
 B - a +6 ring of dexterity (left claw)
 D - a +4 ring of evasion (right claw)
Wands
 b - a wand of flame (16)
 H - a wand of mindburst (6)
Scrolls
 d - 3 scrolls of blinking
 e - a scroll of butterflies
 g - 4 scrolls of enchant armour {unknown}
 h - 4 scrolls of enchant weapon {unknown}
 i - 2 scrolls of noise {unknown}
 k - 3 scrolls of vulnerability {unknown}
 p - a scroll of brand weapon {unknown}
 r - 3 scrolls of amnesia {unknown}
 s - a scroll of silence
 x - 2 scrolls of torment {unknown}
 G - 2 scrolls of teleportation {unknown}
Potions
 j - 7 potions of curing
 m - 4 potions of attraction
 o - a potion of invisibility {unknown}
 q - 4 potions of haste
 t - 2 potions of lignification
 v - 6 potions of might
 w - a potion of degeneration {unknown}
 A - 3 potions of brilliance
 C - a potion of mutation {unknown}
 E - a potion of heal wounds
 J - a potion of experience {unknown}
 K - 3 potions of resistance
 L - a potion of magic {unknown}
Miscellaneous
 a - a lightning rod (3/4)


   Skills:
 + Level 6.0 Fighting
 + Level 0.4 Armour
 + Level 6.0 Dodging
 - Level 1.0 Stealth
 - Level 16.0 Unarmed Combat


You had 10 spell levels left.
You didn't know any spells.
Your spell library contained the following spells:

 Spells                   Type           Power      Damage    Failure   Level
 Freeze                   Ice            0%         1d3       54%         1
 Scorch                   Fire           0%         2d5       67%         2
 Dazzling Flash           Conj/Hex       0%         N/A       88%         3
 Frozen Ramparts          Ice            0%         1d1       88%         3
 Hailstorm                Conj/Ice       0%         3d3       88%         3
 Tukima's Dance           Hex            0%         N/A       88%         3
 Vhi's Electric Charge    Tloc/Air       0%         N/A       88%         3
 Flame Wave               Conj/Fire      0%         2d4       99%         4
 Iskenderun's Mystic Bla  Conj/Tloc      0%         2d3       99%         4
 Passage of Golubria      Tloc           0%         N/A       99%         4
 Arcjolt                  Conj/Air       0%         1d10      100%        5
 Yara's Violent Unravell  Hex/Tmut       0%         3d3       100%        5
 Starburst                Conj/Fire      0%         6d3       100%        6
 Summon Cactus Giant      Summ           0%         N/A       100%        6
 Malign Gateway           Summ/Tloc      0%         N/A       100%        7
 Maxwell's Capacitive Co  Air            0%         ∞         100%        8
 Summon Horrible Things   Summ           0%         N/A       100%        8


Dungeon Overview and Level Annotations

Branches:
Dungeon (11/15)            Temple (1/1) D:4            Lair (1/5) D:11
 Bailey (visited)
    Orc: D:9-12

Altars:
Cheibriados
Dithmenos
Elyvilon
Fedhas
Gozag
Hepliaklqana
Kikubaaqudgha
Makhleb
Nemelex Xobeh
Okawaru
Qazlal
Ru
Sif Muna
Trog
Uskayaw
Vehumet
Wu Jian
Xom
Yredelemnul
Zin
The Shining One

Shops:
D:3 [   D:5 =

Annotations:
Lair:1 Joseph


Innate Abilities, Weirdness & Mutations

You are too large for most types of armour.
You have claws for hands.
Your natural rate of healing is unusually fast.
You are covered in fur. (AC +1)
You have tough skin. (AC +1)


Message History

The water moccasin is severely wounded.
The heavenly storm settles.
The water moccasin completely misses you.
You mangle the water moccasin!!
You kill the water moccasin!
The Council accepts your kill.
You miss the bullfrog. The bullfrog barely misses you.
You claw the bullfrog!
The bullfrog is moderately wounded.
The bullfrog closely misses you.
You closely miss the bullfrog.
The bullfrog is moderately wounded.
The bullfrog hits you.
* * * LOW HITPOINT WARNING * * *
You mangle the bullfrog!!
You kill the bullfrog!
The Council accepts your kill.
Throw: 3 boomerangs
Press: ? - help, Q - select action, (/) - cycle Shift-Dir - straight line, f - yak
Aim: a yak (golden dust, 75% to hit)
You throw a boomerang.
The boomerang hits the yak but does no damage.
Joseph, a Mercenary comes into view.
He is wielding a +0 quarterstaff.
The yak completely misses you.
Joseph moves out of view.
Aiming: Mindburst
Press: ? - help, Shift-Dir - straight line, f/p - yak
Aim: a yak (golden dust, chance to affect: 64%)
The yak's mind is blasted!
You hear a shout!
The yak gores you!
* * * LOW HITPOINT WARNING * * *
Aiming: Thunderbolt
Press: ? - help, Shift-Dir - straight line, f/p - yak
Aim: a yak (golden dust, moderately wounded)
The thunderbolt hits Joseph!
Joseph is lightly wounded.
The thunderbolt hits the yak!
The yak is heavily wounded.
The yak gores you!
You die...

..###..##.+
+.#...#l# #Y.F..#
#8.Y.8# #.l...#
########+##..8.##
..........(##.#.#
#..........#######
#..........†(@Y@○#
#.......†.†.####○°.#
#......^....#
#○...o.
############# ###...
..


P You could see Joseph and a yak.

Vanquished Creatures
  A two-headed ogre (D:9)
  A death yak (D:10)
  Nergalle (Lair:1)
  An orc knight (Bailey)
  A cyclops (D:9)
  A cane toad (Lair:1)
  A komodo dragon (Lair:1)
  An unseen horror (D:11)
  4 kobold demonologists (D:10)
  Sigmund (D:2)
  2 shadows (D:9)
  16 yaks
  A human (D:3)
  2 acid dragons
  3 water moccasins (Lair:1)
  Duvessa (D:5)
  2 sky beasts
  An orc warrior (D:8)
  A black bear (D:6)
  5 centaurs
  A phantom (D:6)
  Blork the orc (D:6)
  4 kobold brigands (D:10)
  A gnoll sergeant (D:6)
  A scorpion (D:5)
  4 bullfrogs
  7 wights
  Dowan (D:5)
  8 killer bees (D:8)
  2 howler monkeys (D:8)
  3 crimson imps (D:4)
  3 hounds
  A jelly (D:6)
  5 orc priests
  A gnoll bouda (D:4)
  3 iguanas
  Natasha (thrice) (D:2)
  18 orc wizards
  19 gnolls
  6 adders
  3 white imps (D:7)
  An ufetubus (D:6)
  3 dart slugs
  45 orcs
  7 bats
  5 endoplasms
  2 giant cockroaches
  8 goblins
  8 hobgoblins
  4 jackals (D:2)
  5 quokkas
  2 ball pythons
  4 frilled lizards
  15 kobolds
  A kobold zombie (D:3)
  4 rats
256 creatures vanquished.

Vanquished Creatures (others)
  A fungus (Lair:1)
  2 plants (Lair:1)
3 creatures vanquished.

Grand Total: 259 creatures vanquished

Notes
Turn   | Place    | Note
-------+----------+-------------------------------------------
     0 | D:1      | NinjaNoafa the Troll Monk began the quest for the Orb.
     0 | D:1      | Reached XP level 1. HP: 22/22 MP: 0/0
   144 | D:1      | Reached XP level 2. HP: 27/29 MP: 1/1
   364 | D:1      | Reached skill level 4 in Unarmed Combat
   558 | D:1      | Found a faded altar of an unknown god.
  1000 | D:2      | Reached XP level 3. HP: 36/36 MP: 2/2
  1021 | D:2      | Noticed Natasha
  1030 | D:2      | Killed Natasha
  1067 | D:2      | Noticed Natasha
  1075 | D:2      | Killed Natasha
  1076 | D:2      | Reached skill level 5 in Unarmed Combat
  1076 | D:2      | Reached XP level 4. HP: 42/44 MP: 3/3
  1324 | D:2      | Noticed Natasha
  1329 | D:2      | Killed Natasha
  1514 | D:2      | Noticed Sigmund
  1532 | D:2      | Killed Sigmund
  1533 | D:2      | Reached skill level 7 in Unarmed Combat
  1533 | D:2      | Reached XP level 5. HP: 19/50 MP: 4/4
  1533 | D:2      | Reached XP level 6. HP: 23/59 MP: 5/5
  1707 | D:3      | Found Ajuqeega's Armour Emporium.
  1843 | D:3      | Found a runed translucent door.
  1843 | D:3      | Noticed a human
  1847 | D:3      | You fall into a shaft and drop 2 floors!
  1847 | D:5      | Entered Level 5 of the Dungeon
  1897 | D:5      | Found a white marble altar of Elyvilon.
  2043 | D:5      | Found Duacodas's Jewellery Emporium.
  2116 | D:5      | HP: 2/59 [something (1)]
  2282 | D:5      | Reached skill level 8 in Unarmed Combat
  2282 | D:5      | Reached XP level 7. HP: 55/66 MP: 6/6
  2398 | D:5      | Noticed Duvessa
  2398 | D:5      | Noticed Dowan
  2408 | D:5      | Killed Duvessa
  2418 | D:5      | Killed Dowan
  3008 | D:4      | Reached skill level 9 in Unarmed Combat
  3403 | D:4      | Found a staircase to the Ecumenical Temple.
  3415 | Temple   | Entered the Ecumenical Temple
  3676 | Temple   | Became a worshipper of the Wu Jian Council
  3676 | Temple   | Reached * piety under Wu Jian
  3676 | Temple   | Reached ** piety under Wu Jian
  3704 | D:4      | Found a shimmering altar of Xom.
  3945 | D:3      | Found a basalt altar of Yredelemnul.
  3970 | D:3      | Killed a human
  3971 | D:3      | Reached skill level 10 in Unarmed Combat
  3971 | D:3      | Reached XP level 8. HP: 65/74 MP: 7/7
  4463 | D:6      | Noticed Blork the orc
  4471 | D:6      | Killed Blork the orc
  4749 | D:7      | Found an ancient bone altar of Kikubaaqudgha.
  4916 | D:7      | Found a radiant altar of Vehumet.
  4981 | D:7      | Found a stormy altar of Qazlal.
  4988 | D:7      | Found a shimmering blue altar of Sif Muna.
  5054 | D:7      | Reached *** piety under Wu Jian
  5165 | D:7      | Found a shadowy altar of Dithmenos.
  5165 | D:7      | Found a bloodstained altar of Trog.
  5428 | D:8      | Reached XP level 9. HP: 85/85 MP: 8/8
  5464 | D:8      | Found an opulent altar of Gozag.
  5734 | D:8      | Reached skill level 5 in Fighting
  5738 | D:8      | Reached skill level 11 in Unarmed Combat
  5782 | D:8      | Reached skill level 5 in Dodging
  6031 | D:8      | Found a glowing golden altar of the Shining One.
  6317 | D:9      | Noticed a two-headed ogre
  6461 | D:9      | Reached XP level 10. HP: 87/98 MP: 9/9
  6503 | D:9      | Noticed a cyclops
  6507 | D:9      | Killed a cyclops
  6508 | D:9      | Reached skill level 12 in Unarmed Combat
  6664 | D:9      | Reached **** piety under Wu Jian
  6665 | D:9      | Reached skill level 13 in Unarmed Combat
  6857 | D:9      | Killed a two-headed ogre
  7081 | D:10     | Entered Level 10 of the Dungeon
  7144 | D:10     | Reached skill level 14 in Unarmed Combat
  7173 | D:10     | Found a flagged portal.
  7196 | Bailey   | Entered a bailey
  7281 | Bailey   | Noticed an orc knight
  7287 | Bailey   | Killed an orc knight
  7862 | D:10     | Reached XP level 11. HP: 73/105 MP: 10/10
  8232 | D:11     | Noticed a death yak
  8264 | D:10     | Killed a death yak
  8371 | D:10     | Noticed a sun demon
  8375 | D:10     | Reached skill level 15 in Unarmed Combat
  8457 | D:11     | Noticed a death yak
  8457 | D:11     | Noticed a death yak
  8459 | D:11     | Found a staircase to the Lair.
  8460 | D:11     | Noticed a death yak
  8460 | D:11     | Noticed a death yak
  8469 | Lair:1   | Entered Level 1 of the Lair of Beasts
  8573 | Lair:1   | Reached ***** piety under Wu Jian
  8574 | Lair:1   | Noticed Nergalle
  8589 | Lair:1   | Killed Nergalle
  8595 | Lair:1   | Reached skill level 16 in Unarmed Combat
  8603 | Lair:1   | Noticed Joseph
  8605 | Lair:1   | Slain by a yak

Illustrated notes

Levels and vault maps discovered:
D:1:      minmay_arrival_three_doors, layout_basic,
          chequers_ecumenical_altar_grove, minmay_tripent
D:2:      layout_loops_ring, uniq_natasha, uniq_sigmund
D:3:      layout_rooms, dk_yredelemnul_ordeal, serial_shops,
          nicolae_diamond_shop
D:4:      layout_rooms, led_xom_imps, minmay_temple_entry_antechambers
D:5:      layout_cave_pods, mainiacjoe_overflow_concentric_impassable,
          serial_shops, shop, amcnicky_mini_pool_small,
          chequers_serial_rivers_room_a, minmay_misc_feat_encased, uniq_duvessa
D:6:      layout_loops_ring, corner_web_ring, uniq_blork_the_orc
D:7:      layout_rooms, nicolae_overflow_hidden_temple,
          mainiacjoe_overflow_alcove_4, amcnicky_altar_gilded,
          gammafunk_temple_overflow_wave
D:8:      minmay_flawed_box, layout_loops_cross, grunt_gozag_breadcrumbs,
          tso_metal_star
D:9:      layout_loops_ring
D:10:     layout_basic, enter_bailey_2
D:11:     layout_roguey [special_room_bee], dpeg_lair_monsters,
          gauntlet_entry_generic, minmay_puff, uniq_urug
Temple:   dpeg_chambers_temple
Lair:1:   layout_roguey, grunt_megastairs_2, uniq_joseph, uniq_nergalle,
          uniq_fannar

Skill      XL: |  1  2  3  4  5  6  7  8  9 10 11 |
---------------+----------------------------------+-----
Unarmed Combat | 4 5 7 8 10 11 14 16 | 16.0
Fighting       | 4 6 |  6.0
Dodging        | 4 5 6 |  6.0
Armour         | |  0.4
Stealth        | |  1.0

Action                   |  1- 3 |  4- 6 |  7- 9 | 10-12 || total
-------------------------+-------+-------+-------+-------++-------
Melee: Unarmed           |    79 |   110 |   311 |   225 ||   725
       Punch             |       |     1 |    15 |    22 ||    38
Throw: Boomerang         |       |     2 |     5 |     3 ||    10
       Large rock        |       |       |       |     9 ||     9
Invok: Lunge             |       |       |    17 |    26 ||    43
       Whirlwind         |       |       |    19 |    15 ||    34
       Serpent's Lash    |       |       |     1 |     3 ||     4
       Heavenly Storm    |       |       |       |     1 ||     1
 Abil: Wall Jump         |       |       |    49 |    15 ||    64
Evoke: Wand              |       |       |     5 |     1 ||     6
       Lightning rod     |       |       |       |     1 ||     1
  Use: Potion            |       |     7 |     4 |     3 ||    14
       Scroll            |       |       |       |     8 ||     8
 Stab: Sleeping          |     2 |       |     8 |     9 ||    19
Armor: Robe              |    38 |    35 |    66 |    16 ||   155
       Acid dragon scale |       |       |       |    17 ||    17
Dodge: Dodged            |    52 |    69 |   184 |   158 ||   463

Table legend: (Time is in decaauts)
 A = Elapsed time spent in this place.
 B = Non-inter-level travel time spent in this place.
 C = Inter-level travel time spent in this place.
 D = Time resting spent in this place.
 E = Time spent auto-exploring this place.
 F = Levels seen in this place.
 G = Mean time per level.
                   A        B        C        D        E       F      G
               +--------+--------+--------+--------+--------+-----+--------+
         Total |   8576 |   8070 |    506 |      0 |   6265 |  14 |  612.6 |
       Dungeon |   7886 |   7412 |    474 |      0 |   5780 |  11 |  716.9 |
        Temple |    270 |    238 |     32 |      0 |    228 |   1 |  270.0 |
          Lair |    133 |    133 |      0 |      0 |     64 |   1 |  133.0 |
        Bailey |    285 |    285 |      0 |      0 |    193 |   1 |  285.0 |
               +--------+--------+--------+--------+--------+-----+--------+

Top non-repeatable levels by time:
     D:5: 1077 daAuts
    D:10: 892 daAuts
     D:1: 884 daAuts
     D:8: 879 daAuts
     D:9: 792 daAuts
     D:2: 689 daAuts
     D:7: 672 daAuts
     D:4: 658 daAuts
     D:6: 624 daAuts
     D:3: 514 daAuts
  Bailey: 285 daAuts
  Temple: 270 daAuts
    D:11: 201 daAuts
  Lair:1: 133 daAuts
